AoeStats
← Faranight78000

Nomad

506912246Analyzed
2v2 RM · 18d ago on Sep 15, 2026· 23m 1s· 4 players
Game mode
Random Map
Map size
176×176
Population
200
Speed
Normal
Resources
Standard
Victory
Conquest
Starting age
Dark Age
Ending age
Imperial Age
RankedLock teamsTeams togetherTeam positionsShared explorationLock speedFull tech treeHidden civsTurbo modeCheats
Victory
Defeat
🇫🇷 Celts · France
983
+18
🇫🇷 Aztecs · France
963
+18
🇹🇷 Burgundians · Türkiye
1035
-19
🇩🇪 Slavs · Germany
1000
-51
Basement Enjoyer
buraktan86
Boeder
11:32 Loom
15:08 Feudal Age
21:01 Castle Age
20:14 Double-Bit Axe
20:22 Stone Mining
21:28 Town Watch
Faranight78000
8:19 Loom
15:53 Feudal Age
16:23 Double-Bit Axe
16:19 Horse Collar
19:38 Wheelbarrow
21:47 Man-at-Arms
22:30 Scale Mail Armor
22:41 Forging
22:32 Padded Archer Armor
23:22 Gold Mining
Connection lost

Rejoining the realm…

Still unreachable

The connection could not be restored.

Session expired

The server has moved on; the page needs a fresh start.